 Dungeon Crawl Stone Soup version 0.28-a0-726-g4a9143789a (webtiles) character file.

Game seed: 8785518136767983629

4 beefasarus the Ducker (level 1, 0/10 HPs)
             Began as a Felid Berserker on Oct 27, 2021.
             Was a Follower of Trog.
             Slain by a jackal (2 damage)
             ... on level 1 of the Dungeon.
             The game lasted 00:00:53 (67 turns).

beefasarus the Ducker (Felid Berserker)               Turns: 67, Time: 00:00:54

Health: 0/10       AC:  1    Str: 13    XL:     1   Next: 50%
Magic:  2/2        EV: 18    Int:  8    God:    Trog [*.....]
Gold:   12         SH:  0    Dex: 15    Spells: 0/0 levels left
                                        Lives:  0   Deaths: 0

rFire   . . .      SeeInvis +     - Unarmed
rCold   . . .      Faith    .   (shield unavailable)
rNeg    . . .      Spirit   .   (armour unavailable)
rPois   .          Reflect  .   (helmet unavailable)
rElec   .          Harm     .   (cloak unavailable)
rCorr   .          Rampage  .   (gloves unavailable)
Will    .....                   (boots unavailable)
Stlth   +.........              (no amulet)
HPRegen 0.03/turn               (no ring)
MPRegen 0.08/turn               (no ring)

@: quick
A: very small, claws 1, fangs 3, see invisible, speed 1, shaggy fur 1, stealthy
paws, no weapons or thrown items, no armour, multi-lived
a: Renounce Religion, Berserk


You were on level 1 of the Dungeon.
You worshipped Trog.
Trog was aware of your devotion.
You visited 1 branch of the dungeon, and saw 1 of its levels.

You collected 12 gold pieces.

You aren't carrying anything.


   Skills:
 + Level 3.1 Fighting
 + Level 4.1 Dodging
 + Level 3.1 Unarmed Combat


You couldn't memorise any spells.
You didn't know any spells.
Your spell library was empty.

Dungeon Overview and Level Annotations

Branches:
Dungeon (1/15)

Altars:


Innate Abilities, Weirdness & Mutations

You have sharp claws.
You have razor-sharp teeth.
You have supernaturally acute eyesight. (SInv)
You cover ground quickly. (Speed+)
You are covered in fur. (AC +1)
Your paws help you pounce on unaware monsters.
You are incapable of wielding weapons or throwing items.
You cannot wear armour.
You gain extra lives every three experience levels.


Message History

A hobgoblin comes into view.
The hobgoblin shouts!
You hear a bark!
You hear a shout!
The hobgoblin misses you.
A jackal comes into view. 3 jackals come into view.
The jackal barks!
A goblin comes into view. It is wielding a +0 club.
Found a smoky sapphire potion.
The goblin shouts!
The jackal bites you but does no damage.
You scratch the jackal.
You kill the jackal!
Trog accepts your kill.
You closely miss the jackal. The hobgoblin misses you. The jackal misses you.
You scratch the jackal.
The jackal is almost dead.
The jackal closely misses you. The hobgoblin hits you.
You scratch the jackal.
You kill the jackal!
Trog accepts your kill. The hobgoblin closely misses you.
The jackal barely misses you.
You closely miss the jackal. You claw the jackal. Your bite misses the jackal.
The jackal is moderately wounded.
The jackal barely misses you. The hobgoblin completely misses you.
You scratch the jackal but do no damage.
The jackal is moderately wounded.
The jackal closely misses you. The hobgoblin hits you.
* * * LOW HITPOINT WARNING * * *
You claw the jackal!
You kill the jackal!
Trog accepts your kill. The hobgoblin completely misses you.
You scratch the jackal.
The jackal is severely wounded.
The jackal bites you but does no damage.
The hobgoblin misses you. The jackal closely misses you.
You scratch the jackal but do no damage.
The jackal is severely wounded.
The jackal bites you.
You die...

...!.. .....# ##.....#
###......# #.......
######.#g.. ###......#h#
##...#####g@# #..........##
#####......#################
#.####..................
...# ##########.........
##### #####..... #>..'.####
##.##.# #.##.#


You could see a jackal, a hobgoblin and a goblin.

Vanquished Creatures
  3 jackals (D:1)
3 creatures vanquished.

Notes
Turn   | Place    | Note
-------+----------+-------------------------------------------
     0 | D:1      | beefasarus the Felid Berserker began the quest for the Orb.
     0 | D:1      | Reached XP level 1. HP: 10/10 MP: 2/2
    67 | D:1      | Slain by a jackal

Illustrated notes

Levels and vault maps discovered:
D:1:      amcnicky_arrival_choice, layout_rooms

Action                   || total
-------------------------++-------
Melee: Unarmed           ||     9
       Punch             ||     1
Armor: Skin              ||     2
Dodge: Dodged            ||    12

Table legend: (Time is in decaauts)
 A = Elapsed time spent in this place.
 B = Non-inter-level travel time spent in this place.
 C = Inter-level travel time spent in this place.
 D = Time resting spent in this place.
 E = Time spent auto-exploring this place.
 F = Levels seen in this place.
 G = Mean time per level.
                   A        B        C        D        E       F      G
               +--------+--------+--------+--------+--------+-----+--------+
         Total |     55 |     55 |      0 |      0 |      0 |   1 |   55.0 |
       Dungeon |     55 |     55 |      0 |      0 |      0 |   1 |   55.0 |
               +--------+--------+--------+--------+--------+-----+--------+

Top non-repeatable levels by time:
     D:1: 55 daAuts
